Map: Ultralove

Players

SubN

  • Race: Zerg Zerg
  • League: Diamond
  • Spawn Location: 7:00

GunnerStahl - Winner!

  • Race: Protoss Protoss
  • League: Diamond
  • Spawn Location: 1:00

VOD

Have the link to the VOD?

Description

Time

  • Played on: July 21, 2025, 9:31 p.m.
  • Length: 9:00
Show
View Real Time Build Order
Export as new Build Order

SubN Zerg 

Build Orders: Pool First 

Get SALT Encoding   

  12  0:00  Drone  
  13  0:12  Overlord  
  13  0:16  Drone  
  14  0:30  Drone x2  
  16  0:40  Spawning Pool  
  15  0:44  Drone  
  15  0:48  Drone  
  17  0:51  Extractor  
  17  0:55  Drone  
  17  1:28  Zergling x6  
  20  1:39  Queen  
  22  1:40  Overlord  
  22  1:57  Zergling x2, Hatchery  
  22  2:14  Roach Warren  
  21  2:15  Drone x2  
  23  2:32  Drone  
  22  2:50  Drone x2, Queen  
  25  3:05  Extractor  
  24  3:17  Hatchery  
  23  3:43  Lair  
  23  3:57  Queen  
  25  4:13  Drone x3  
  28  4:30  Queen  
  30  4:33  Drone  
  31  4:58  Extractor  
  30  5:10  Queen  
  30  5:11  Queen  
  30  5:13  Drone x5  
  39  5:17  Drone  
  39  5:19  Drone  
  41  5:25  Glial Reconstitution  
  41  5:34  Overlord  
  41  5:39  Spore Crawler  
  38  6:05  Overlord x3  
  38  6:06  Overlord x2  
  38  6:23  Queen  
  40  6:29  Drone x7  
  44  6:40  Drone x5  
  49  6:56  Queen  
  49  6:58  Drone x3  
  54  7:09  Spire  
  54  7:10  Drone  
  54  7:11  Drone x2  
  54  7:12  Drone  
  57  7:18  Drone x3  
  57  7:19  Extractor  
  59  7:27  Pneumatized Carapace  
  59  7:31  Drone x5  
  64  7:48  Overseer  
  64  7:49  Overseer  
  64  7:57  Drone  
  64  7:58  Drone x3  
  67  8:03  Extractor  
  66  8:17  Overlord x3  
  66  8:19  Roach  
  69  8:20  Roach x4  
  69  8:26  Overlord x2  
  71  8:27  Overlord x3  
  70  8:38  Roach  
  70  8:39  Roach x6  
Show
View Real Time Build Order
Export as new Build Order

GunnerStahl Protoss - Winner!

Build Orders: Oracle Opening 

Get SALT Encoding   

  12  0:00  Probe  
  13  0:13  Probe  
  14  0:20  Pylon  
  14  0:25  Probe  
  15  0:37  Probe  
  15  0:40  Gateway  
  16  0:45  Assimilator  
  16  0:46  Probe  
  17  0:54  Probe  
  18  1:04  Probe  
  19  1:16  Probe  
  19  1:17  Pylon  
  20  1:28  Probe  
  20  1:29  Cybernetics Core  
  20  1:30  Zealot  
  23  1:33  Pylon  
  23  1:42  Gateway  
  23  1:59  Assimilator  
  23  2:10  Pylon  
  23  2:20  Nexus  
  23  2:28  Adept  
  25  2:31  Adept  
  27  2:48  Shield Battery  
  27  3:04  Probe  
  27  3:05  Warp Gate  
  28  3:17  Probe  
  29  3:20  Assimilator  
  29  3:22  Stargate, Assimilator  
  29  3:26  Stalker  
  29  3:33  Probe x2  
  33  3:45  Probe x2  
  35  3:57  Probe x2  
  35  3:58  Oracle, Pylon  
  37  4:06  Probe  
  37  4:09  Probe  
  42  4:14  Probe  
  42  4:20  Pylon  
  42  4:21  Probe  
  42  4:22  Sentry  
  42  4:23  Probe  
  46  4:25  Sentry  
  49  4:37  Probe  
  50  4:38  Phoenix  
  50  4:39  Probe  
  53  4:49  Probe  
  53  4:51  Probe  
  55  5:12  Gateway  
  55  5:13  Adept x2  
  59  5:14  Probe  
  60  5:22  Probe  
  60  5:26  Probe  
  62  5:29  Twilight Council  
  62  5:31  Robotics Facility  
  62  5:35  Shield Battery  
  62  5:56  Probe x2  
  62  5:58  Charge  
  57  6:06  Adept x2  
  57  6:08  Probe  
  62  6:35  Probe  
  60  6:47  Probe  
  60  6:49  Probe  
  60  6:51  Pylon  
  60  6:52  Pylon  
  60  6:53  Pylon  
  61  6:55  Pylon  
  61  6:59  Immortal  
  61  7:01  Gateway  
  61  7:03  Gateway  
  61  7:04  Forge x2  
  61  7:08  Cybernetics Core  
  61  7:09  Probe  
  61  7:11  Gateway x2  
  61  7:14  Pylon  
  66  7:17  Pylon  
  66  7:23  Probe  
  66  7:26  Nexus  
  66  7:29  Pylon, Probe  
  68  7:31  Pylon  
  68  7:35  Probe  
  69  7:41  Probe  
  70  7:51  Zealot x3  
  72  7:57  Probe  
  77  7:59  Observer  
  74  8:37  Probe  
  74  8:38  Stalker x4  
  74  8:39  Stalker x2  
  74  8:40  Probe  
Tags
 
Add a new tag
Caveats
  • Supply blocks, unpowered buildings, or Contaminate may cause inaccurate times.
  • Supply counts are checked every 10 seconds.